 Dungeon Crawl Stone Soup version 0.29-a0-350-g7790a0e70a (webtiles) character file.

Game seed: 17114162652788635376

2157 bande the Chopper (level 9, -10/54 HPs)
             Began as a Gargoyle Fighter on Apr 22, 2022.
             Killed from afar by Joseph (23 damage)
             ... with a bolt of acid
             ... on level 7 of the Dungeon on Apr 23, 2022.
             The game lasted 00:11:27 (7740 turns).

bande the Chopper (Gargoyle Fighter)                Turns: 7740, Time: 00:11:28

Health: -10/54     AC: 16    Str: 21    XL:     9   Next: 31%
Magic:  9/9        EV:  8    Int:  8    God:
Gold:   370        SH:  6    Dex: 13    Spells: 8/8 levels left

rFire   . . .      SeeInvis .   i - +2 war axe (freeze)
rCold   . . .      Faith    .   c - +1 buckler
rNeg    + . .      Spirit   .   f - +0 chain mail
rPois   ∞          Reflect  .   s - +2 hat
rElec   +          Harm     .   (no cloak)
rCorr   .          Rampage  .   (no gloves)
Will    .....                   b - +0 pair of boots
Stlth   ..........              (no amulet)
HPRegen 0.18/turn               (no ring)
MPRegen 0.11/turn               (no ring)

@: corroded
A: sickness immunity, AC +6, negative energy resistance 1, electricity
resistance, torment resistance 1, petrification resistance, antennae 1,
screaming 1, sturdy frame 1
a: no special abilities


You were on level 7 of the Dungeon.
You visited 1 branch of the dungeon, and saw 7 of its levels.

You collected 370 gold pieces.

Inventory:

Hand Weapons
 a - a +1 war axe of draining
 h - a +0 flail
 i - a +2 war axe of freezing (weapon)
Armour
 b - a +0 pair of boots (worn)
 c - a +1 buckler (worn)
 f - a +0 chain mail (worn)
 s - a +2 hat (worn)
Jewellery
 e - an amulet of the acrobat
Wands
 j - a wand of charming (9)
 q - a wand of polymorph (5)
Scrolls
 g - 5 scrolls of identify
 l - 2 scrolls of magic mapping
 m - 2 scrolls of enchant armour
 o - 2 scrolls of teleportation
 t - a scroll of enchant weapon
 v - a scroll of amnesia
Potions
 d - 2 potions of might
 k - 3 potions of heal wounds
 n - a potion of magic
 p - a potion of berserk rage
 r - 3 potions of cancellation
 u - 2 potions of flight


   Skills:
 + Level 5.5 Fighting
 + Level 7.5 Axes
 + Level 6.5 Armour
 + Level 5.1 Shields
 * Level 4.2 Evocations


You had 8 spell levels left.
You didn't know any spells.
Your spell library contained the following spells:

 Spells                   Type           Power      Damage    Failure   Level
 Sting                    Tmut/Pois      0%         1d3       95%         1
 Ensorcelled Hibernation  Hex/Ice        0%         N/A       99%         2
 Passwall                 Tmut/Erth      0%         N/A       99%         2
 Poisonous Vapours        Pois/Air       0%         N/A       99%         2
 Wereblood                Tmut           0%         N/A       99%         2
 Confusing Touch          Hex            0%         N/A       100%        3
 Frozen Ramparts          Ice            0%         1d2       100%        3
 Swiftness                Air            0%         N/A       100%        3
 Ice Form                 Ice/Tmut       0%         N/A       100%        4
 Olgreb's Toxic Radiance  Pois           0%         N/A       100%        4
 Summon Ice Beast         Ice/Summ       0%         N/A       100%        4
 Blade Hands              Tmut           0%         N/A       100%        5
 Irradiate                Conj/Tmut      0%         3d13      100%        5
 Yara's Violent Unravell  Hex/Tmut       0%         3d3       100%        5
 Dragon Form              Tmut           0%         N/A       100%        7
 Enfeeble                 Hex            0%         N/A       100%        7
 Summon Hydra             Summ           0%         N/A       100%        7
 Sublimation of Blood     Necr           Unusable   N/A       N/A         2

Dungeon Overview and Level Annotations

Branches:
Dungeon (7/15)
 Temple: D:4-7

Altars:
Elyvilon
Kikubaaqudgha
Vehumet

Annotations:
D:7 Joseph


Innate Abilities, Weirdness & Mutations

You are immune to sickness and miasma.
Your stone body is resilient. (AC +6)
You are immune to poison.
You resist negative energy. (rN+)
You are resistant to electric shocks. (rElec)
You are resistant to unholy torment.
You are immune to petrification.
You have a pair of small antennae on your head.
You occasionally shout uncontrollably at your foes.
Your movements are slightly less encumbered by armour. (ER -2)


Message History

There is a stone staircase leading down here.
You climb downwards.
Level annotation: Joseph Joseph shoots a sling bullet.
The sling bullet hits you but does no damage.
You hear a shout!
There is a stone staircase leading up here.
Unknown command.
You climb upwards.
There is a stone staircase leading down here.
You climb downwards.
Level annotation: Joseph The orc wizard points at you and mumbles some strange words.
The puff of flame hits you but does no damage.
Joseph shoots a sling bullet.
The sling bullet barely misses you.
The orc wizard gestures wildly while chanting.
The orc wizard flickers and vanishes!
Deactivating autopickup; reactivate with Ctrl-A.
There is a stone staircase leading up here.
Joseph unwields a +0 hunting sling.
Joseph wields a +2 vorpal quarterstaff.
You block Joseph's attack. Something hits you but does no damage.
Joseph hits you with a +2 vorpal quarterstaff!
You slash Joseph! You freeze Joseph.
Joseph is moderately wounded.
You completely miss something. Joseph barely misses you.
Something hits you but does no damage.
Unknown command.
You slash Joseph! You freeze Joseph.
Joseph is heavily wounded.
You completely miss something.
Joseph zaps a wand.
The bolt of acid hits you!!
Ouch! That really hurt!
* * * LOW HITPOINT WARNING * * *
The acid corrodes you! Something hits you but does no damage.
You block Joseph's attack.
You hit Joseph. You freeze Joseph.
Joseph is heavily wounded.
You closely miss something. Something hits you but does no damage.
Joseph zaps a wand.
The bolt of acid hits you!!
You die...

#.# ### #.#
##...
#.##.....
#.#.....#
#.#.....#
##.#...#
######<[[.#
#.......{@##
..#####.>@.#
##.##.# #.#
#.# #.# ##
#+#


You could see Joseph.

Vanquished Creatures
  Grinder (D:4)
  A water moccasin (D:5)
  An ice beast (D:5)
  A black bear (D:4)
  A phantom (D:6)
  The ghost of indyram44 the Stinger, an amateur DsVM (D:3)
  2 kobold brigands (D:6)
  A bullfrog (D:4)
  Blork the orc (D:6)
  A necrophage (D:6)
  6 wights (D:6)
  3 scorpions
  2 orc priests
  2 hounds (D:5)
  3 jellies
  A scorpion zombie (D:3)
  9 iguanas
  An orc wizard (D:6)
  A hound skeleton (D:3)
  6 adders
  2 shadow imps
  2 ufetubi
  2 adder zombies (D:3)
  A worm (D:5)
  4 dart slugs
  15 orcs
  4 ball pythons
  2 endoplasms
  5 giant cockroaches
  8 hobgoblins
  A jackal (D:3)
  3 quokkas
  A ball python skeleton (D:3)
  4 bats
  6 frilled lizards
  A giant cockroach zombie (D:3)
  12 goblins
  A jackal zombie (D:3)
  12 kobolds
  7 rats
138 creatures vanquished.

Vanquished Creatures (others)
  2 orcs (D:7)
2 creatures vanquished.

Grand Total: 140 creatures vanquished

Notes
Turn   | Place    | Note
-------+----------+-------------------------------------------
     0 | D:1      | bande the Gargoyle Fighter began the quest for the Orb.
     0 | D:1      | Reached XP level 1. HP: 14/14 MP: 1/1
   198 | D:1      | Reached XP level 2. HP: 19/19 MP: 2/2
   433 | D:1      | Reached skill level 2 in Axes
   438 | D:1      | Found a faded altar of an unknown god.
   487 | D:1      | Reached XP level 3. HP: 20/23 MP: 3/3
  1275 | D:2      | Reached XP level 4. HP: 15/28 MP: 4/4
  1930 | D:3      | Found a runed translucent gate.
  1931 | D:3      | Found a runed translucent gate.
  1931 | D:3      | Noticed indyram44's ghost (amateur DsVM)
  2186 | D:3      | Reached skill level 3 in Axes
  2258 | D:3      | Reached XP level 5. HP: 33/33 MP: 5/5
  2467 | D:3      | Found a runed translucent gate.
  2694 | D:3      | Killed indyram44's ghost
  2695 | D:3      | Reached skill level 1 in Evocations
  2996 | D:4      | Noticed a black bear
  2999 | D:4      | Reached skill level 4 in Axes
  2999 | D:4      | Reached XP level 6. HP: 31/38 MP: 6/6
  3007 | D:4      | Killed a black bear
  3398 | D:4      | Gained mutation: You have a pair of small antennae on your
                  | head. [potion of mutation]
  3398 | D:4      | Gained mutation: You occasionally shout uncontrollably at
                  | your foes. [potion of mutation]
  3398 | D:4      | Gained mutation: Your movements are slightly less
                  | encumbered by armour. (ER -2) [potion of mutation]
  3820 | D:4      | Found a radiant altar of Vehumet.
  4199 | D:4      | Noticed Grinder
  4205 | D:4      | Paralysed by Grinder for 4 turns
  4222 | D:4      | Killed Grinder
  4223 | D:4      | Reached skill level 5 in Axes
  4223 | D:4      | Reached XP level 7. HP: 24/43 MP: 7/7
  4481 | D:4      | Reached skill level 5 in Armour
  5008 | D:5      | Entered Level 5 of the Dungeon
  5358 | D:5      | Reached XP level 8. HP: 45/48 MP: 8/8
  5825 | D:5      | Reached skill level 6 in Axes
  5853 | D:5      | Found an ancient bone altar of Kikubaaqudgha.
  5866 | D:5      | Found a white marble altar of Elyvilon.
  6249 | D:6      | Reached skill level 5 in Fighting
  6597 | D:6      | Reached XP level 9. HP: 54/54 MP: 9/9
  6700 | D:6      | Reached skill level 7 in Axes
  6700 | D:6      | Reached skill level 5 in Shields
  7298 | D:6      | Noticed Blork the orc
  7306 | D:6      | Killed Blork the orc
  7533 | D:7      | Noticed Joseph
  7740 | D:7      | Killed from afar by Joseph

Illustrated notes

Levels and vault maps discovered:
D:1:      tarquinn_simple_flora_water_a, layout_rooms, basic_ecumenical_altar,
          lemuel_another_geyser
D:2:      layout_basic
D:3:      kennysheep_big_flooded_room, layout_basic, serial_undead,
          serial_undead_c, serial_undead_a, serial_undead_c, serial_undead_d,
          serial_undead_d, gammafunk_ghost_split, hex_intersection,
          kennysheep_generic_room_11
D:4:      layout_layer_cave, vehumet_altar_wand_db, grunt_decor_fettered,
          uniq_grinder
D:5:      layout_loops_cross, mainiacjoe_overflow_swirl, kennysheep_potato
D:6:      layout_loops_ring, grunt_ministairs_3, uniq_blork_the_orc
D:7:      layout_loops_corners, minmay_temple_entry_arrows, serial_bayou,
          serial_bayou_crossing, serial_bayou_shore_b, serial_bayou_ford_a,
          serial_bayou_pond_e, minmay_hedge_maze, nicolae_fountain_basement,
          uniq_joseph

Skill      XL: |  1  2  3  4  5  6  7  8  9 |
---------------+----------------------------+-----
Axes           | 2 3 4 5 6 7 |  7.5
Shields        | 4 5 |  5.1
Armour         | 4 5 6 |  6.5
Evocations     | 1 2 3 4 |  4.2
Fighting       | 4 5 |  5.5

Action                   |  1- 3 |  4- 6 |  7- 9 || total
-------------------------+-------+-------+-------++-------
Melee: War axe           |   111 |   188 |   168 ||   467
  Use: Scroll            |     2 |    13 |     2 ||    17
       Potion            |       |     1 |       ||     1
Armor: Scale mail        |    14 |       |       ||    14
       Chain mail        |    38 |   130 |    97 ||   265
Dodge: Dodged            |    60 |    83 |    62 ||   205
Block: Buckler           |    27 |    64 |    46 ||   137

Table legend: (Time is in decaauts)
 A = Elapsed time spent in this place.
 B = Non-inter-level travel time spent in this place.
 C = Inter-level travel time spent in this place.
 D = Time resting spent in this place.
 E = Time spent auto-exploring this place.
 F = Levels seen in this place.
 G = Mean time per level.
                   A        B        C        D        E       F      G
               +--------+--------+--------+--------+--------+-----+--------+
         Total |   7892 |   7808 |     84 |   1438 |   5095 |   7 | 1127.4 |
       Dungeon |   7892 |   7808 |     84 |   1438 |   5095 |   7 | 1127.4 |
               +--------+--------+--------+--------+--------+-----+--------+

Top non-repeatable levels by time:
     D:4: 2083 daAuts
     D:6: 1616 daAuts
     D:2: 1201 daAuts
     D:5: 1132 daAuts
     D:3: 1084 daAuts
     D:1: 756 daAuts
     D:7: 18 daAuts
